 Dungeon Crawl Stone Soup version 0.15-a0-2036-g5428f20 (webtiles) character file.

56 MrRokkomies the Vexing (level 3, -6/26 HPs)
             Began as a Demonspawn Arcane Marksman on July 13, 2014.
             Mangled by Terence
             ... wielding a +0 flail
              (10 damage)
             ... on Level 2 of the Dungeon.
             The game lasted 00:04:52 (1587 turns).

MrRokkomies the Vexing (Demonspawn Arcane Marksman) Turns: 1587, Time: 00:04:52

HP  -6/26        AC  3     Str 11      XL: 3   Next: 69%
MP   1/4         EV 12     Int 15      God:
Gold 85          SH  0     Dex 12      Spells:  2 memorised,  1 level left

rFire  . . .     SeeInvis .     b - +3 whip
rCold  . . .     Clarity  .     e - +1 robe
rNeg   . . .     rCorr    .     (no shield)
rPois  .         rRot     .     (helmet restricted)
rElec  .         Spirit   .     (no cloak)
SustAb .         Warding  .     (no gloves)
rMut   .         Stasis   .     (no boots)
Gourm  .                        (no amulet)
MR     .....                    (no ring)
                                (no ring)

@: not resistant to hostile enchantments, very unstealthy
A: horns 1, demonic guardian 1
a: no special abilities


You were on level 2 of the Dungeon.
You were hungry.

You visited 1 branch of the dungeon, and saw 2 of its levels.

You collected 85 gold pieces.

Inventory:

Hand weapons
 a - a +1 shortbow
 b - a +3 whip (weapon)
Missiles
 l - 20 poisoned needles
Armour
 e - a +1 robe (worn)
Comestibles
 f - a bread ration
 h - 2 meat rations
Scrolls
 j - a scroll of remove curse {unknown}
Potions
 g - a potion of haste {unknown}
 i - a potion of cancellation
 k - 2 potions of poison {unknown}
Books
 d - a book of Debilitation

   Spells                             Type                      Level
   *Corona                            Hexes                        1
   *Slow                              Hexes                        2
   Inner Flame                        Hexes/Fire                   3
   Enslavement                        Hexes                        4
   Cause Fear                         Hexes                        4
   Leda's Liquefaction                Hexes/Earth                  4


   Skills:
 - Level 1.0 Fighting
 * Level 2.8 Bows
 - Level 1.7 Dodging
 - Level 1.0 Spellcasting
 + Level 4.0 Hexes


You had one spell level left.
You knew the following spells:

 Your Spells              Type           Power        Failure   Level  Hunger
a - Corona                Hex            ##.....      6%          1    ##.....
b - Slow                  Hex            ##......     10%         2    ###....


Dungeon Overview and Level Annotations

Branches:
Dungeon (2/15)

Altars:

Annotations:
D:2 Terence


Innate Abilities, Weirdness & Mutations

You have a pair of small horns on your head.
A weak demonic guardian rushes to your aid.


Message History

Firing (i - inventory): No suitable missiles.
Press: ? - help, Shift-Dir - straight line, f/p - Terence
Aim: Terence, wielding a flail and wearing a chain mail (almost dead)
Okay, then.
Firing (i - inventory): No suitable missiles.
Press: ? - help, Shift-Dir - straight line, f/p - Terence
Aim: Terence, wielding a flail and wearing a chain mail (almost dead)
Okay, then.
Firing (i - inventory): No suitable missiles.
Press: ? - help, Shift-Dir - straight line, f/p - Terence
Aim: Terence, wielding a flail and wearing a chain mail (almost dead)
Okay, then.
b - a +3 whip (weapon)
You hit Terence. You headbutt Terence, but do no damage.
Terence is almost dead.
Terence barely misses you.
You closely miss Terence.
Terence is almost dead.
Terence hits you with a flail!
You die...

########## .......#....
.......#.#.. . .......#.#.# ...
......#.#.##### .... #+#
#......#....(.
###.......##.###..#.#.#...... .
.......#...............#.....>
... ..#...#.#.#.@@......(........
#.###.#...#.#.#######.#.#...#####
..............######..#.#........
.................................
..............###.##..#.#..###...
...............)............##.#.
.................................
...........................%.....
#.###(...###.###..##......)#..##.


You could see Terence.

Vanquished Creatures
  An adder (D:2)
  A giant gecko (D:1)
  3 oozes (D:1)
  4 giant cockroaches (D:1)
  2 hobgoblins (D:1)
  7 kobolds
  7 bats
  A goblin (D:1)
  9 rats
35 creatures vanquished.

Vanquished Creatures (collateral kills)
  Jessica (D:2)
1 creature vanquished.

Vanquished Creatures (others)
  An ufetubus (D:2)
1 creature vanquished.

Grand Total: 37 creatures vanquished

Notes
Turn   | Place    | Note
--------------------------------------------------------------
     0 | D:1      | MrRokkomies, the Demonspawn Arcane Marksman, began the quest for the Orb.
     0 | D:1      | Reached XP level 1. HP: 15/15 MP: 2/2
   273 | D:1      | Gained mutation: You have a pair of small horns on your head. [demonic ancestry]
   273 | D:1      | Reached XP level 2. HP: 14/21 MP: 3/3
  1107 | D:1      | Gained mutation: A weak demonic guardian rushes to your aid. [demonic ancestry]
  1107 | D:1      | Reached XP level 3. HP: 26/26 MP: 4/4
  1318 | D:1      | Learned a level 2 spell: Slow
  1391 | D:2      | Noticed Jessica
  1397 | D:2      | Killed Jessica
  1403 | D:2      | Reached skill level 4 in Hexes
  1545 | D:2      | Noticed Terence
  1576 | D:2      | HP: 1/26 [Terence/flail (10)]
  1587 | D:2      | Mangled by Terence

Action                   || total
-------------------------++-------
Melee: Unarmed           ||    22
       Whip              ||    88
 Fire: Shortbow          ||    33
 Cast: Corona            ||     4
       Slow              ||     1
  Use: Scroll            ||     6
       Potion            ||     1
  Eat: Chunk             ||     2
